 Dungeon Crawl Stone Soup version 0.19-a0-1922-g1e9a4c1 (webtiles) character file.

34 sveltemanboy the Poker (level 3, 0/27 HPs)
             Began as a Demonspawn Gladiator on Oct 24, 2016.
             Slain by a hobgoblin
             ... wielding a +0 trident
              (2 damage)
             ... on level 2 of the Dungeon.
             The game lasted 00:02:06 (985 turns).

sveltemanboy the Poker (Demonspawn Gladiator)        Turns: 985, Time: 00:02:07

Health: 0/27       AC:  5    Str: 15 (17) XL:     3   Next: 14%
Magic:  3/3        EV: 12    Int: 13 (15) God:
Gold:   61         SH:  0    Dex: 12 (15) Spells: 0 memorised, 2 levels left

rFire  . . .     SeeInvis .     j - +1 dagger (drain)
rCold  . . .     Gourm    .     b - +0 leather armour
rNeg   . . .     Faith    .     (no shield)
rPois  .         Spirit   .     c - +0 helmet
rElec  .         Reflect  .     (no cloak)
rCorr  .         Harm     .     (no gloves)
MR     .....                    i - +0 pair of boots
Stlth  ++........               (no amulet)
                                (no ring)
                                (no ring)

@: brilliant, lethally poisoned (0 -> -3)
A: agile 1, nightstalker 1, screaming 1, strong 1
a: no special abilities


You were on level 2 of the Dungeon.
You were not hungry.

You visited 1 branch of the dungeon, and saw 2 of its levels.

You collected 61 gold pieces.

Inventory:

Hand Weapons
 j - a +1 dagger of draining (weapon)
Missiles
 d - 3 throwing nets (quivered)
Armour
 b - a +0 leather armour (worn)
 c - a +0 helmet (worn)
 i - a +0 pair of boots (worn)
Scrolls
 h - a scroll of identify {unknown}
Potions
 g - a potion of magic {unknown}
 l - a potion of degeneration
Comestibles
 f - 2 bread rations
 k - 3 chunks of flesh


   Skills:
 - Level 2.0 Fighting
 * Level 1.0 Short Blades
   Level 3.1 Polearms
 - Level 1.7 Throwing
 - Level 1.0 Armour
 - Level 2.6 Dodging
 + Level 0.8 Stealth


You had 2 spell levels left.
You didn't know any spells.

Dungeon Overview and Level Annotations

Branches:
Dungeon (2/15)

Altars:


Innate Abilities, Weirdness & Mutations

You are slightly more attuned to the shadows.
You are agile. (Dex +2)
You occasionally shout uncontrollably at your foes.
Your muscles are strong. (Str +2)


Message History

The adder is almost dead.
The adder barely misses you. The hobgoblin hits you with a trident.
* * * LOW HITPOINT WARNING * * *
You barely miss the adder.
The adder is almost dead.
The adder bites you but does no damage.
It was a potion of degeneration.
There was something very wrong with that liquid.
You feel weakened.
You feel dopey.
You feel clumsy.
You feel sick. The hobgoblin closely misses you. The adder closely misses you.
It was a potion of mutation.
You feel extremely strange.
You feel stronger.
You feel the urge to shout.
You feel agile. The adder barely misses you.
The hobgoblin hits you with a trident.
* * * LOW HITPOINT WARNING * * *
The adder bites you.
* * * LOW HITPOINT WARNING * * *
It was a potion of brilliance.
You feel clever all of a sudden. The hobgoblin hits you with a trident.
You die...

........#
#.......#
.....g.#
###..†.#
#...##
#....###
####...######
##...S#<..##
##....g@))..#
#............#
#............#
#............#
##..........##
##...##...##
##########


You could see an adder and a hobgoblin.

Vanquished Creatures
  A worm (D:2)
  A dart slug (D:1)
  A leopard gecko (D:1)
  A ball python (D:1)
  4 bats
  A giant cockroach (D:1)
  4 goblins
  6 hobgoblins
  2 frilled lizards (D:1)
  2 kobolds (D:1)
  A rat (D:1)
24 creatures vanquished.

Notes
Turn   | Place    | Note
-------+----------+-------------------------------------------
     0 | D:1      | sveltemanboy the Demonspawn Gladiator began the quest for the Orb.
     0 | D:1      | Reached XP level 1. HP: 16/16 MP: 1/1
   144 | D:1      | Reached skill level 3 in Polearms
   145 | D:1      | Gained mutation: You are slightly more attuned to the shadows. [demonic ancestry]
   145 | D:1      | Reached XP level 2. HP: 22/22 MP: 2/2
   154 | D:1      | Reached skill level 1 in Armour
   807 | D:2      | Reached skill level 1 in Short Blades
   807 | D:2      | Reached XP level 3. HP: 16/27 MP: 3/3
   984 | D:2      | Gained mutation: Your muscles are strong. (Str +2) [potion of mutation]
   984 | D:2      | Gained mutation: You occasionally shout uncontrollably at your foes. [potion of mutation]
   984 | D:2      | Gained mutation: You are agile. (Dex +2) [potion of mutation]
   985 | D:2      | Slain by a hobgoblin

Vault maps used:
D:1:      ncdulo_wetmaze
D:2:      uniq_robin

Skill      XL: |  1  2 |
---------------+-------+-----
Polearms       | 3 |  3.1
Armour         | 1 |  1.0
Short Blades   | 1 |  1.0
Fighting       | |  2.0
Throwing       | |  1.7
Dodging        | |  2.6
Stealth        | |  0.8

Action                   || total
-------------------------++-------
Melee: Trident           ||    30
       Dagger            ||    52
  Use: Potion            ||     3
 Stab: Sleeping          ||     3
Armor: Leather armour    ||    16
Dodge: Dodged            ||    48
